 Dungeon Crawl Stone Soup version 0.23.2-33-g5129a83184 (webtiles) character file.

Game seed: 12957508779644499265

193 troglodite the Charmwright (level 5, -5/43 HPs)
             Began as a Gnoll Skald on July 18, 2019.
             Slain by Natasha (6 damage)
             ... on level 2 of the Dungeon.
             The game lasted 00:08:33 (2813 turns).

troglodite the Charmwright (Gnoll Skald)            Turns: 2813, Time: 00:08:33

Health: -5/43      AC:  5    Str: 14    XL:     5   Next: 72%
Magic:  9/12       EV: 12    Int: 15    God:
Gold:   264        SH:  8    Dex: 15    Spells: 7/14 levels left

rFire    . . .     SeeInvis .   a - +0 spear
rCold    . . .     Gourm    .   p - +0 shield
rNeg     . . .     Faith    .   b - +0 leather armour
rPois    .         Spirit   .   t - +2 hat
rElec    .         Reflect  .   o - scarf {repulsion}
rCorr    .         Harm     .   (no gloves)
MR       .....                  (no boots)
Stlth    ++........             e - amulet of inaccuracy (curse)
HPRegen  0.14/turn              (no ring)
MPRegen  0.13/turn              (no ring)

@: very slightly contaminated, slowed, repel missiles, very slow
A: distributed training, fangs 1, strong nose
a: no special abilities


You were on level 2 of the Dungeon.
You were not hungry.

You visited 1 branch of the dungeon, and saw 3 of its levels.

You collected 264 gold pieces.

Inventory:

Hand Weapons
 a - a +0 spear (weapon)
Armour
 b - a +0 leather armour (worn)
 o - a scarf of repulsion (worn)
 p - a +0 shield (worn)
 t - a +2 hat (worn)
Jewellery
 e - a cursed amulet of inaccuracy (around neck)
 i - an uncursed amulet of faith {unknown}
Scrolls
 c - a scroll of magic mapping {unknown}
 h - 5 scrolls of identify {unknown}
 m - a scroll of blinking {unknown}
 v - 2 scrolls of amnesia {unknown}
Potions
 f - a potion of mutation {unknown}
 g - 2 potions of resistance {unknown}
 j - a potion of cancellation {unknown}
 k - a potion of curing {unknown}
 l - a potion of flight {unknown}
 n - a potion of brilliance {unknown}
 q - a potion of heal wounds {unknown}
 r - a potion of lignification {unknown}
 u - a potion of might {unknown}
Comestibles
 d - 9 rations
 s - 3 chunks of flesh


   Skills:
 + Level 4.8 Fighting
 + Level 1.6 Short Blades
 + Level 1.6 Long Blades
 + Level 1.6 Axes
 + Level 1.6 Maces & Flails
 + Level 4.8 Polearms
 + Level 1.6 Staves
 + Level 1.6 Slings
 + Level 1.6 Bows
 + Level 1.6 Crossbows
 + Level 1.6 Throwing
 + Level 3.0 Armour
 + Level 4.8 Dodging
 + Level 1.6 Stealth
 + Level 1.6 Shields
 + Level 1.6 Unarmed Combat
 + Level 5.2 Spellcasting
 + Level 1.2 Conjurations
 + Level 1.2 Hexes
 + Level 5.5 Charms
 + Level 1.2 Summonings
 + Level 1.2 Necromancy
 + Level 1.2 Translocations
 + Level 1.2 Transmutations
 + Level 1.2 Fire Magic
 + Level 1.2 Ice Magic
 + Level 1.2 Air Magic
 + Level 1.2 Earth Magic
 + Level 1.2 Poison Magic
 + Level 1.8 Invocations
 + Level 1.6 Evocations


You had 7 spell levels left.
You knew the following spells:

 Your Spells              Type           Power        Failure   Level  Hunger
a - Infusion              Chrm           ###.         12%         1    None
b - Spectral Weapon       Hex/Chrm       ##......     63%         3    ###....
c - Regeneration          Chrm/Necr      ##........   63%         3    ###....

Your spell library contained the following spells:

 Spells                   Type           Power        Failure   Level  Hunger
 Song of Slaying          Chrm           ###.....     17%         2    ##.....
 Shroud of Golubria       Chrm/Tloc      ##........   38%         2    ##.....


Dungeon Overview and Level Annotations

Branches:
Dungeon (3/15)

Altars:
Dithmenos

Annotations:
D:2 Natasha


Innate Abilities, Weirdness & Mutations

Your experience applies equally to all skills.
You have very sharp teeth.
Your uncanny sense of smell can sniff out nearby items.


Message History

The gnoll is almost dead.
You block Natasha's attack. The gnoll hits you with a +0 spear.
* * * LOW HITPOINT WARNING * * *
You hit the gnoll but do no damage. You bite the gnoll.
The gnoll is almost dead.
Natasha stares at you and mumbles some strange words.
You feel yourself slow down. The gnoll hits you with a +0 spear.
* * * LOW HITPOINT WARNING * * *
Casting: Spectral Weapon (quite dangerous; 63% risk of failure)
Confirm with . or Enter, or press ? or * to list all spells.
You miscast Spectral Weapon.
You are very lightly contaminated with residual magic.
You feel off-balance for a moment.
Natasha wildly gestures.
You feel troubled. Natasha casts a spell at you. The magic dart hits you.
* * * LOW HITPOINT WARNING * * *
You block the gnoll's attack. Natasha claws you.
You die...

.# ## #...#..........# .####..+
... #...#..........# ......# ...
#...#..........# ......# ####'#
#...#..........### ......#
#....###...#..........#.. .####.#
#....#.'...#..........#..
......###....#<#...#..........#..
.............###g..#...h......#..
####..........)†@h.#÷...).....#..
..##.###..##.#####..(............
..........##.#...#.#####.........
...#.####..#.#.#.#.#...#.........
...#...(#..#.#.#.#.#.............
.............................>#..
.....#..#..#.#..##.#####.#..#.###
........#....#..##.....#....#g#
#......##.#).#..######........#


You could see Natasha and a gnoll.

Vanquished Creatures
  Natasha (D:2)
  3 gnolls (D:2)
  8 adders
  2 worms (D:3)
  A dart slug (D:2)
  3 leopard geckos
  A giant cockroach (D:3)
  6 goblins
  4 hobgoblins (D:1)
  8 jackals
  2 quokkas (D:2)
  3 ball pythons (D:3)
  8 bats
  6 frilled lizards
  3 kobolds
  5 rats
64 creatures vanquished.

Notes
Turn   | Place    | Note
-------+----------+-------------------------------------------
     0 | D:1      | troglodite the Gnoll Skald began the quest for the Orb.
     0 | D:1      | Reached XP level 1. HP: 20/20 MP: 6/6
   136 | D:1      | Reached XP level 2. HP: 23/26 MP: 7/7
   757 | D:2      | Reached XP level 3. HP: 28/31 MP: 9/9
   762 | D:2      | Learned a level 3 spell: Spectral Weapon
   762 | D:2      | Noticed Natasha
   768 | D:2      | Reached skill level 5 in Spellcasting
   772 | D:2      | Killed Natasha
   772 | D:2      | Reached skill level 1 in Invocations
   775 | D:2      | Reached skill level 1 in Short Blades
   775 | D:2      | Reached skill level 1 in Long Blades
   775 | D:2      | Reached skill level 1 in Axes
   775 | D:2      | Reached skill level 1 in Maces & Flails
   775 | D:2      | Reached skill level 1 in Staves
   775 | D:2      | Reached skill level 1 in Slings
   775 | D:2      | Reached skill level 1 in Bows
   775 | D:2      | Reached skill level 1 in Crossbows
   775 | D:2      | Reached skill level 1 in Throwing
   775 | D:2      | Reached skill level 1 in Stealth
   775 | D:2      | Reached skill level 1 in Shields
   775 | D:2      | Reached skill level 1 in Unarmed Combat
   775 | D:2      | Reached skill level 1 in Evocations
   916 | D:2      | Learned a level 3 spell: Regeneration
   989 | D:2      | Found a shadowy altar of Dithmenos.
  1007 | D:2      | Reached XP level 4. HP: 31/38 MP: 7/11
  1125 | D:2      | Noticed Natasha
  1541 | D:3      | Reached skill level 1 in Conjurations
  1541 | D:3      | Reached skill level 1 in Hexes
  1541 | D:3      | Reached skill level 1 in Summonings
  1541 | D:3      | Reached skill level 1 in Necromancy
  1541 | D:3      | Reached skill level 1 in Translocations
  1541 | D:3      | Reached skill level 1 in Transmutations
  1541 | D:3      | Reached skill level 1 in Fire Magic
  1541 | D:3      | Reached skill level 1 in Ice Magic
  1541 | D:3      | Reached skill level 1 in Air Magic
  1541 | D:3      | Reached skill level 1 in Earth Magic
  1541 | D:3      | Reached skill level 1 in Poison Magic
  1781 | D:3      | Reached XP level 5. HP: 37/43 MP: 12/12
  2813 | D:2      | HP: 1/43 [Natasha/magic dart (3)]
  2813 | D:2      | Slain by Natasha

Skill      XL: |  1  2  3  4  5 |
---------------+----------------+-----
Spellcasting   | 5 |  5.2
Invocations    | 1 |  1.8
Short Blades   | 1 |  1.6
Long Blades    | 1 |  1.6
Axes           | 1 |  1.6
Maces & Flails | 1 |  1.6
Staves         | 1 |  1.6
Slings         | 1 |  1.6
Bows           | 1 |  1.6
Crossbows      | 1 |  1.6
Throwing       | 1 |  1.6
Stealth        | 1 |  1.6
Shields        | 1 |  1.6
Unarmed Combat | 1 |  1.6
Evocations     | 1 |  1.6
Conjurations   | 1 |  1.2
Hexes          | 1 |  1.2
Summonings     | 1 |  1.2
Necromancy     | 1 |  1.2
Translocations | 1 |  1.2
Transmutations | 1 |  1.2
Fire Magic     | 1 |  1.2
Ice Magic      | 1 |  1.2
Air Magic      | 1 |  1.2
Earth Magic    | 1 |  1.2
Poison Magic   | 1 |  1.2
Armour         | 3 |  3.0
Fighting       | |  4.8
Polearms       | |  4.8
Dodging        | |  4.8
Charms         | |  5.5

Action                   |  1- 3 |  4- 6 || total
-------------------------+-------+-------++-------
Melee: Spear             |   153 |   246 ||   399
       Bite              |    12 |    15 ||    27
 Cast: Spectral Weapon   |     2 |     2 ||     4
       Regeneration      |       |     1 ||     1
 Stab: Sleeping          |     3 |     2 ||     5
       Distracted        |     1 |     1 ||     2
  Eat: Chunk             |     1 |     6 ||     7
Armor: Leather armour    |    25 |    35 ||    60
Dodge: Dodged            |    97 |   127 ||   224
       Deflected         |       |     2 ||     2
Block: Shield            |       |    79 ||    79
